 Dungeon Crawl Stone Soup version 0.29.0-13-gc9e81de378 (webtiles) character file.

Game seed: 8137196241278509061

72 trckry the Chiller (level 4, -1/30 HPs)
             Began as a Barachi Ice Elementalist on Sept 8, 2022.
             Killed from afar by Sigmund (7 damage)
             ... with a puff of flame
             ... on level 2 of the Dungeon.
             The game lasted 00:05:13 (2461 turns).

trckry the Chiller (Barachi Ice Elementalist)       Turns: 2461, Time: 00:05:14

Health: -1/30      AC:  8    Str: 10    XL:     4   Next: 25%
Magic:  5/8        EV: 12    Int: 17    God:
Gold:   86         SH:  0    Dex: 12    Spells: 2/9 levels left

rFire   . . .      SeeInvis .   c - +0 mace
rCold   . . .      Faith    .   (no shield)
rNeg    . . .      Spirit   .   a - +0 robe
rPois   .          Reflect  .   (no helmet)
rElec   .          Harm     .   (no cloak)
rCorr   .          Rampage  .   (no gloves)
Will    .....                   (no boots)
Stlth   ++........              (no amulet)
HPRegen 0.10/turn               (no ring)
MPRegen 0.11/turn               (no ring)

@: mighty, ice-armoured, freezing walls, very slightly contaminated, slow
A: amphibious, slowness 1, strong legs 1, +LOS
a: Hop


You were on level 2 of the Dungeon.
You visited 1 branch of the dungeon, and saw 2 of its levels.

You collected 86 gold pieces.

Inventory:

Hand Weapons
 c - a +0 mace (weapon)
Armour
 a - a +0 robe (worn)
Scrolls
 e - 3 scrolls of blinking {unknown}
 f - 2 scrolls of identify {unknown}
 i - a scroll of fear {unknown}
 j - a scroll of summoning {unknown}
 k - a scroll of magic mapping {unknown}
 l - 2 scrolls of teleportation {unknown}
 m - a scroll of enchant weapon {unknown}
Potions
 d - 2 potions of might
 g - a potion of lignification {unknown}
 h - a potion of invisibility {unknown}
 n - 2 potions of heal wounds {unknown}


   Skills:
 - Level 2.1 Dodging
 - Level 1.7 Stealth
 + Level 3.1 Spellcasting
 * Level 6.2 Ice Magic


You had 2 spell levels left.
You knew the following spells:

 Your Spells              Type           Power      Damage    Failure   Level
a - Freeze                Ice            92%        1d10      1%          1
b - Frozen Ramparts       Ice            46%        1d7       4%          3
c - Ozocubu's Armour      Ice            23%        N/A       4%          3

Your spell library contained the following spells:

 Spells                   Type           Power      Damage    Failure   Level
 Apportation              Tloc           4%         N/A       17%         1
 Necrotise                Necr           8%         1d4       17%         1
 Summon Small Mammal      Summ           8%         N/A       17%         1
 Hailstorm                Conj/Ice       13%        3d5       43%         4


Dungeon Overview and Level Annotations

Branches:
Dungeon (2/15) Zot: 9306

Altars:

Annotations:
D:2 Sigmund


Innate Abilities, Weirdness & Mutations

You are amphibious.
You cover ground slowly.
You can hop short distances.
You have an extended range of vision and can be seen from far away.


Message History

You see here a scroll labelled MALUWKYNYM.
MP restored: 8 Sigmund is nearby!
Casting: Freeze (safe; 1% risk of failure)
Confirm with . or Enter, or press ? or * to list all spells.
You miscast Ozocubu's Armour.
You are very lightly contaminated with residual magic.
Nothing appears to happen.
You now have 5/8 mp.
Casting: Ozocubu's Armour (dangerous; 4% risk of failure)
Confirm with . or Enter, or press ? or * to list all spells.
You can't see any susceptible monsters within range! (Use Z to cast anyway.)
Casting: Ozocubu's Armour (dangerous; 4% risk of failure)
Confirm with . or Enter, or press ? or * to list all spells.
Casting: Frozen Ramparts (dangerous; 4% risk of failure)
Press: ? - help, Dir - look around, f - activate The walls around you are covered in ice.
You now have 2/8 mp.
The wall freezes Sigmund but does no damage.
Sigmund casts a spell at you. The puff of flame hits you.
You take 4 damage, and have 26/30 hp.
The wall freezes Sigmund.
Sigmund zaps a wand.
The puff of flame hits you!
You take 11 damage, and have 15/30 hp.
MASSIVE DAMAGE!!
Magic courses through your body.
The wall freezes Sigmund.
Sigmund hits you from afar with a +0 scythe!
* * * LOW HITPOINT WARNING * * *
You take 7 damage, and have 8/30 hp.
MASSIVE DAMAGE!!
MP restored: 8
Casting: Frozen Ramparts (dangerous; 4% risk of failure)
Confirm with . or Enter, or press ? or * to list all spells.
A film of ice covers your body!
The wall freezes Sigmund.
Sigmund zaps a wand.
The puff of flame hits you.
* * * LOW HITPOINT WARNING * * *
The heat melts your icy armour.
You take 2 damage, and have 6/30 hp.
You now have 5/8 mp.
It was a potion of might.
You feel very mighty all of a sudden.
The wall freezes Sigmund.
Sigmund zaps a wand.
The puff of flame hits you!
You die...

#$...............#####
###..##########........
#.?@.......# ####.#####
#.##.#####.# #.........
#. #.# #.##.##### #.
#.# #.##.# #. #.#
#.##.# #. #@#####.#
#.##.##### #. #..@....#
#.##.##[.. #@ ######..#
#.##.##.## #. ...#
#.##.##†# #.#
#.##.##.## #.#
#.##.##.## #.# #.#
#......... #.# #.#
#######.## #.# #.# #.##
#.# ########.#####
##†##


You could see Sigmund.

Vanquished Creatures
  4 adders (D:2)
  A worm (D:2)
  A ball python (D:1)
  4 endoplasms
  A giant cockroach (D:2)
  4 hobgoblins
  3 jackals (D:2)
  3 kobolds
  A quokka (D:2)
  3 bats (D:2)
  A frilled lizard (D:2)
  2 goblins
  2 rats (D:1)
30 creatures vanquished.

Vanquished Creatures (others)
  A fungus (D:2)
1 creature vanquished.

Grand Total: 31 creatures vanquished

Notes
Turn   | Place    | Note
-------+----------+-------------------------------------------
     0 | D:1      | trckry the Barachi Ice Elementalist began the quest for the
                  | Orb.
     0 | D:1      | Reached XP level 1. HP: 13/13 MP: 3/3
   402 | D:1      | Found a faded altar of an unknown god.
   416 | D:1      | Reached skill level 5 in Ice Magic
   605 | D:1      | Reached XP level 2. HP: 13/19 MP: 3/5
  1395 | D:2      | Reached XP level 3. HP: 24/24 MP: 4/7
  1672 | D:2      | Reached skill level 6 in Ice Magic
  1676 | D:2      | Learned a level 3 spell: Frozen Ramparts
  1680 | D:2      | Learned a level 3 spell: Ozocubu's Armour
  1891 | D:2      | Reached XP level 4. HP: 19/30 MP: 1/8
  2444 | D:2      | Noticed Sigmund
  2461 | D:2      | Killed from afar by Sigmund

Illustrated notes

Levels and vault maps discovered:
D:1:      tarquinn_simple_flora_water_c, layout_loops_ring,
          shapermc_ecumenical_altar_venn
D:2:      layout_loops_ring, chequers_serial_rivers_marsh,
          uniq_crazy_yiuf_cottage, uniq_sigmund

Skill      XL: |  1  2  3 |
---------------+----------+-----
Ice Magic      | 5 6 |  6.2
Spellcasting   | 3 |  3.1
Dodging        | |  2.1
Stealth        | |  1.7

Action                   |  1- 3 |  4- 6 || total
-------------------------+-------+-------++-------
Melee: Mace              |     9 |     7 ||    16
 Cast: Freeze            |    33 |     3 ||    36
       Frozen Ramparts   |     1 |     2 ||     3
       Ozocubu's Armour  |     1 |     1 ||     2
  Use: Potion            |       |     2 ||     2
Armor: Robe              |     3 |     1 ||     4
Dodge: Dodged            |    13 |     4 ||    17
